 Dungeon Crawl Stone Soup version 0.31.0-1-g2c135a0 (webtiles) character file.

Game seed: 16486474197309293887

1838 brinewave the Trooper (level 8, -5/74 HPs)
             Began as a Minotaur Fighter on Jan 25, 2024.
             Slain by a white ugly thing (25 damage)
             ... on level 7 of the Dungeon.
             The game lasted 00:11:47 (3195 turns).

brinewave the Trooper (Minotaur Fighter)            Turns: 3195, Time: 00:11:48

Health: -5/74      AC:  8    Str: 24    XL:     8   Next: 87%
Magic:  7/7        EV:  9    Int:  5    God:
Gold:   291        SH:  6    Dex: 15    Spells: 7/7 levels left

rFire   . . .        i - +1 trident (venom)
rCold   . . .        c - +0 buckler
rNeg    . . .        b - +0 scale mail
rPois   .            (helmet restricted)
rElec   .            (no cloak)
rCorr   .            (no gloves)
SInv    .            (no boots)
Will    +....        (no amulet) Stlth
                     g - +6 ring of dexterity
HPRegen 0.32/turn    x - ring of willpower
MPRegen 0.10/turn

%: no passive effects
@: no status effects
A: horns 2, retaliatory headbutt
a: no special abilities


You were on level 7 of the Dungeon.
You visited 1 branch of the dungeon, and saw 7 of its levels.
You also visited: Sewer.

You collected 291 gold pieces.

Inventory:

Hand Weapons
 a - a +0 war axe
 i - a +1 trident of venom (weapon)
Missiles
 e - 33 stones (quivered)
 n - 3 boomerangs
 q - 11 poisoned darts
Armour
 b - a +0 scale mail (worn)
 c - a +0 buckler (worn)
Jewellery
 g - a +6 ring of dexterity (left hand)
 x - a ring of willpower (right hand)
 z - a ring of fire
Wands
 u - a wand of flame (20)
 v - a wand of paralysis (3)
Scrolls
 f - 2 scrolls of vulnerability {unknown}
 j - 2 scrolls of fear {unknown}
 l - 5 scrolls of identify {unknown}
 o - 3 scrolls of immolation {unknown}
 p - 2 scrolls of fog {unknown}
 s - 3 scrolls of teleportation {unknown}
 t - a scroll of enchant armour {unknown}
 w - a scroll of blinking {unknown}
 y - a scroll of noise {unknown}
Potions
 d - a potion of might
 h - 3 potions of attraction {unknown}
 k - a potion of invisibility {unknown}
 m - 3 potions of brilliance {unknown}
 r - 2 potions of haste {unknown}


   Skills:
 + Level 7.8 Fighting
 + Level 7.2 Axes
 + Level 7.8 Armour
 + Level 7.8 Shields


You had 7 spell levels left.
You didn't know any spells.
Your spell library contained the following spells:

 Spells                   Type           Power      Damage    Failure   Level
 Summon Blazeheart Golem  Fire/Summ      0%         N/A       100%        4
 Orb of Destruction       Conj           0%         9d5       100%        7
 Spellforged Servitor     Conj/Summ      0%         N/A       100%        7


Dungeon Overview and Level Annotations

Branches:
Dungeon (7/15)              Sewer (visited)
 Temple: D:4-7

Altars:
Dithmenos
Uskayaw
Xom


Innate Abilities, Weirdness & Mutations

You have a pair of horns on your head.
You reflexively headbutt those who attack you in melee.


Message History

The black bear misses you.
The black bear attacks as it pursues you!
You block the black bear's attack. The black bear claws you. x2
The howler monkey hoots and howls with incredible vigour!
The howler monkey hoots and howls with incredible vigour!
The howler monkey hoots and howls with incredible vigour!
You hear a shout!
The howler monkey hoots and howls with incredible vigour!
You puncture the white ugly thing!
The white ugly thing is poisoned.
Your headbutt misses the white ugly thing.
The white ugly thing is lightly wounded.
The white ugly thing headbutts you but does no damage.
The white ugly thing misses you.
You hit the white ugly thing.
The white ugly thing looks even sicker.
The white ugly thing is lightly wounded.
The white ugly thing headbutts you but does no damage.
You hit the white ugly thing.
The white ugly thing looks as sick as possible!
The white ugly thing is lightly wounded.
The white ugly thing headbutts you. The white ugly thing freezes you!
You barely miss the white ugly thing.
The white ugly thing is lightly wounded.
You block the white ugly thing's attack.
You closely miss the white ugly thing.
The white ugly thing is moderately wounded.
The white ugly thing headbutts you but does no damage.
You hit the white ugly thing but do no damage.
The white ugly thing looks as sick as possible!
The white ugly thing is moderately wounded.
A sky beast appears from thin air!
Reactivating autopickup.
The white ugly thing headbutts you! The white ugly thing freezes you!!
You hit the white ugly thing but do no damage.
The white ugly thing looks as sick as possible!
You headbutt the white ugly thing!
The white ugly thing is heavily wounded.
The white ugly thing headbutts you!
* * * LOW HITPOINT WARNING * * *
The white ugly thing freezes you!!
You die...

.####.........# ## ?#.........#
#...... # o.#.........#
#.............. u.##.........#
#.............. lY##..........#
#.............. ###..h.......##
#.............. ............##
#................
###...###########................
' ##......Yoohhu@................
.. ##.#############.....<........
#.. #.########...................
##.)#..........########..........
.####..######### #.#........
.......# ########.#........
.......# ..................
........ #########..##.......
......... ....###...##...#.#..


You could see a white ugly thing (extremely poisoned), a black bear, a sky
beast, a howler monkey and 2 orcs.

Vanquished Creatures
  Grinder (D:5)
  Eustachio (D:5)
  An ice beast (D:5)
  3 ogres
  A phantom (D:5)
  A kobold brigand (D:7)
  5 bullfrogs
  2 bombardier beetles
  4 hounds
  A jelly (D:7)
  Jessica (D:3)
  An iguana (D:6)
  2 sleepcaps
  Natasha (D:3)
  An orc wizard (D:3)
  Terence (D:3)
  Robin (D:2)
  8 adders
  8 gnolls
  A shadow imp (D:5)
  3 white imps
  2 ufetubi (D:5)
  3 ribbon worms
  7 dart slugs (Sewer)
  5 orcs
  15 endoplasms
  12 giant cockroaches
  9 goblins
  4 hobgoblins
  9 kobolds
  10 ball pythons
  2 bats (D:3)
  10 frilled lizards
  9 rats
145 creatures vanquished.

Notes
Turn   | Place    | Note
-------+----------+-------------------------------------------
     0 | D:1      | brinewave the Minotaur Fighter began the quest for the Orb.
     0 | D:1      | Reached XP level 1. HP: 19/19 MP: 0/0
   154 | D:1      | Reached XP level 2. HP: 27/27 MP: 1/1
   270 | D:1      | You fall into a shaft and drop 1 floor!
   295 | D:2      | Noticed Robin
   308 | D:2      | Killed Robin
   309 | D:2      | Reached XP level 3. HP: 33/33 MP: 2/2
   334 | D:2      | Found a faded altar of an unknown god.
   501 | D:3      | Noticed Natasha
   511 | D:3      | HP: 1/33 [something (1)]
   575 | D:2      | Reached XP level 4. HP: 17/41 MP: 3/3
   695 | D:3      | Killed Natasha
   784 | D:3      | Noticed Terence
   787 | D:3      | Noticed Jessica
   793 | D:3      | Killed Terence
   794 | D:3      | Reached XP level 5. HP: 20/47 MP: 4/4
   798 | D:3      | Identified the +0 robe "Utuisoj" {rPois rN++ Int-4}
   800 | D:3      | Killed Jessica
   955 | D:3      | Reached skill level 5 in Fighting
   961 | D:3      | Reached skill level 5 in Shields
   964 | D:3      | Reached skill level 5 in Armour
   978 | D:3      | Found a shadowy altar of Dithmenos.
   981 | D:3      | Found a glowing drain.
   996 | Sewer    | Entered a sewer
  1091 | Sewer    | Reached XP level 6. HP: 55/56 MP: 5/5
  1516 | D:4      | Reached skill level 5 in Axes
  1516 | D:4      | Reached XP level 7. HP: 59/62 MP: 6/6
  1534 | D:5      | Entered Level 5 of the Dungeon
  1725 | D:5      | Noticed Grinder
  1735 | D:5      | Paralysed by Grinder for 4 turns
  1742 | D:5      | Killed Grinder
  1934 | D:5      | Reached XP level 8. HP: 58/71 MP: 7/7
  2028 | D:5      | Noticed Eustachio
  2037 | D:5      | Killed Eustachio
  2447 | D:6      | Found a shimmering altar of Xom.
  2552 | D:6      | Found a hide-covered altar of Uskayaw.
  3160 | D:7      | Noticed a white ugly thing
  3195 | D:7      | Slain by a white ugly thing

Illustrated notes

Levels and vault maps discovered:
D:1:      tarquinn_simple_flora_water_e, layout_rooms
D:2:      layout_rooms, chequers_ecumenical_altar_simple_redux, uniq_robin,
          uniq_crazy_yiuf_cottage
D:3:      layout_rooms, grunt_dithmenos_smoke, portal_sewer_entry_b,
          gammafunk_ghost_gnarly_gnolls, uniq_terence, uniq_natasha,
          uniq_jessica
D:4:      layout_basic, mainiacjoe_overflow_catwalk, minmay_temple_entry_trees,
          uniq_sigmund
D:5:      layout_basic, uniq_grinder, uniq_eustachio
D:6:      layout_loops_corners, mainiacjoe_overflow_alcove_1,
          nicolae_overflow_hidden_temple, kennysheep_little_box
D:7:      cheibrodos_barr_body, layout_rooms, grunt_temple_overflow_open,
          kennysheep_cross_room

Skill      XL: |  1  2  3  4  5  6  7  8 |
---------------+-------------------------+-----
Fighting       | 4 5 6 7 |  7.8
Axes           | 3 4 5 6 7 |  7.2
Armour         | 4 5 6 7 |  7.8
Shields        | 4 5 6 7 |  7.8

Action                     |  1- 3 |  4- 6 |  7- 9 || total
---------------------------+-------+-------+-------++-------
  Melee: War axe           |    32 |       |       ||    32
         Headbutt          |    11 |    22 |    34 ||    67
         Trident           |    41 |   135 |   137 ||   313
 Armour: Scale mail        |    57 |   113 |   131 ||   301
  Dodge: Dodged            |    32 |    67 |    54 ||   153
  Block: Buckler           |    11 |    56 |    54 ||   121
